 Dungeon Crawl Stone Soup version 0.28.0-45-g0d030f2227 (webtiles) character file.

Game seed: 14897983033364535493

597 NinjaNoafa the Covered (level 7, -1/63 HPs)
             Began as a Minotaur Fighter on Apr 5, 2022.
             Slain by a hound (3 damage)
             ... on level 4 of the Dungeon.
             The game lasted 00:06:21 (2947 turns).

NinjaNoafa the Covered (Minotaur Fighter)           Turns: 2947, Time: 00:06:22

Health: -1/63      AC: 12    Str: 22    XL:     7   Next: 17%
Magic:  6/6        EV:  6    Int:  5    God:
Gold:   251        SH:  5    Dex: 10    Spells: 6/6 levels left

rFire   . . .      SeeInvis .   a - +0 long sword
rCold   . . .      Faith    .   c - +0 buckler
rNeg    . . .      Spirit   .   g - +0 plate armour
rPois   .          Reflect  .   o - +0 hat
rElec   .          Harm     .   (no cloak)
rCorr   .          Rampage  .   (no gloves)
Will    .....                   (no boots)
Stlth   ..........              (no amulet)
HPRegen 0.20/turn               (no ring)
MPRegen 0.10/turn               (no ring)

@: mighty, attractive, flying
A: horns 2, retaliatory headbutt
a: no special abilities


You were on level 4 of the Dungeon.
You visited 1 branch of the dungeon, and saw 4 of its levels.

You collected 251 gold pieces.

Inventory:

Hand Weapons
 a - a +0 long sword (weapon)
Missiles
 n - 88 stones (quivered)
Armour
 b - a +0 scale mail
 c - a +0 buckler (worn)
 f - a +0 chain mail
 g - a +0 plate armour (worn)
 o - a +0 hat (worn)
Jewellery
 q - a ring of magical power
Wands
 v - a wand of mindburst (7)
Scrolls
 e - 3 scrolls of blinking {unknown}
 k - 2 scrolls of holy word {unknown}
 m - a scroll of enchant weapon {unknown}
 p - a scroll of identify {unknown}
 r - a scroll of noise {unknown}
 t - a scroll of teleportation {unknown}
 u - a scroll of magic mapping {unknown}
Potions
 h - a potion of heal wounds {unknown}
 i - 2 potions of attraction
 j - a potion of flight
 s - a potion of mutation {unknown}


   Skills:
 + Level 6.0 Fighting
 + Level 4.7 Long Blades
 + Level 6.0 Armour
 + Level 5.9 Shields


You had 6 spell levels left.
You didn't know any spells.
Your spell library contained the following spells:

 Spells                   Type           Power      Damage    Failure   Level
 Magic Dart               Conj           0%         1d3       100%        1
 Call Imp                 Summ           0%         N/A       100%        2
 Mephitic Cloud           Conj/Pois/Air  0%         N/A       100%        3


Dungeon Overview and Level Annotations

Branches:
Dungeon (4/15)
 Temple: D:4-7

Altars:

Shops:
D:2 [


Innate Abilities, Weirdness & Mutations

You have a pair of horns on your head.
You reflexively headbutt those who attack you in melee.


Message History

The ogre hits you with a +0 giant spiked club!
You slash the ogre! You headbutt the ogre.
The ogre is heavily wounded.
The ogre hits you with a +0 giant spiked club!!
You hit the ogre. You headbutt the ogre!
The ogre is almost dead.
The iguana bites you. You block the ogre's attack. The iguana bites you.
You have 251 gold pieces.
You feel very mighty all of a sudden.
A centaur comes into view.
The ogre hits you with a +0 giant spiked club!
* * * LOW HITPOINT WARNING * * *
The iguana bites you but does no damage.
The centaur shouts!
You slash the iguana!
The iguana is almost dead.
The centaur wields a +0 shortbow.
The centaur shoots an arrow.
The arrow hits you.
* * * LOW HITPOINT WARNING * * *
The centaur shoots an arrow.
The arrow hits you but does no damage. The iguana barely misses you.
You furiously retaliate!
You headbutt the iguana!
You kill the iguana!
Your Fighting skill increases to level 6!
It was a potion of attraction.
You feel attractive to monsters. The ogre barely misses you.
The centaur shoots an arrow.
You block the arrow. The hound bites you but does no damage.
The centaur is attracted toward you.
It was a potion of flight.
You feel very buoyant.
You fly up into the air.
The centaur shoots an arrow.
The arrow hits you!
* * * LOW HITPOINT WARNING * * *
The hound bites you but does no damage. You block the ogre's attack.
The centaur shoots an arrow.
The arrow hits you.
* * * LOW HITPOINT WARNING * * *
The centaur is attracted toward you.
It was a potion of magic.
Magic courses through your body. You block the hound's attack.
The centaur unwields a +0 shortbow.
The centaur completely misses you. You block the centaur's attack.
The hound bites you.
You die...

...... #...... ......
##....... #..... ##
#.....!.# #####. ...
##.......# #. ....
#........##########
<....#.#.....##......#
......Oh......#......###
#@......#........#
#.c.....#......#..
..###.....####.#####.
.......ยง..## #.# ##
.##.#..#..# #.# #.
......#..#####.## #.
#................####.
#.........#....#...#..
.P.............###.#.#


You could see an ogre, a centaur and a hound.

Vanquished Creatures
  Grinder (D:3)
  A phantom (D:4)
  A scorpion (D:4)
  2 hounds (D:4)
  An iguana (D:4)
  A hound zombie (D:4)
  5 adders
  3 gnolls (D:3)
  A howler monkey skeleton (D:4)
  An adder skeleton (D:4)
  A worm (D:2)
  2 dart slugs (D:1)
  2 orcs
  5 endoplasms
  7 goblins
  7 hobgoblins
  8 jackals
  2 quokkas
  11 ball pythons
  5 bats
  3 frilled lizards
  A kobold (D:1)
  15 rats
86 creatures vanquished.

Vanquished Creatures (others)
  8 plants (D:4)
  A withered plant (D:4)
9 creatures vanquished.

Grand Total: 95 creatures vanquished

Notes
Turn   | Place    | Note
-------+----------+-------------------------------------------
     0 | D:1      | NinjaNoafa the Minotaur Fighter began the quest for the
                  | Orb.
     0 | D:1      | Reached XP level 1. HP: 19/19 MP: 0/0
   103 | D:1      | Found a faded altar of an unknown god.
   225 | D:1      | Reached XP level 2. HP: 27/27 MP: 1/1
   824 | D:1      | Reached XP level 3. HP: 32/33 MP: 2/2
  1432 | D:2      | Found Xytwol's Antique Armour Boutique.
  1913 | D:3      | Reached XP level 4. HP: 39/41 MP: 3/3
  1966 | D:3      | Noticed Grinder
  1973 | D:3      | Killed Grinder
  1974 | D:3      | Reached skill level 5 in Fighting
  1974 | D:3      | Reached skill level 5 in Armour
  1974 | D:3      | Reached skill level 5 in Shields
  1974 | D:3      | Reached XP level 5. HP: 48/48 MP: 4/4
  1974 | D:3      | Reached XP level 6. HP: 56/56 MP: 5/5
  2860 | D:4      | Reached XP level 7. HP: 59/62 MP: 6/6
  2946 | D:4      | HP: 2/63 [centaur/arrow (2)]
  2947 | D:4      | Slain by a hound

Illustrated notes

Levels and vault maps discovered:
D:1:      ncdulo_wetmaze, layout_basic, nicolae_ecumenical_snake_handling,
          st_stairs_9, minmay_misc_feat_iff, kennysheep_doodads,
          minmay_rat_gold_closets
D:2:      layout_loops_cross, serial_shops, nicolae_shop_behind_doors
D:3:      layout_basic, st_stairs_13, uniq_grinder
D:4:      cheibrodos_old_hovel, layout_rooms, dk_yredelemnul_ordeal,
          gammafunk_temple_overflow_elements, serial_undead, serial_undead_e,
          serial_undead_c, serial_undead_d, serial_undead_d, uniq_pikel

Skill      XL: |  1  2  3  4  5  6  7 |
---------------+----------------------+-----
Armour         | 4 5 6 |  6.0
Fighting       | 4 5 6 |  6.0
Shields        | 4 5 |  5.9
Long Blades    | 3 4 |  4.7

Action                   |  1- 3 |  4- 6 |  7- 9 || total
-------------------------+-------+-------+-------++-------
Melee: Long sword        |    79 |    98 |     3 ||   180
       Headbutt          |     5 |    24 |     2 ||    31
  Use: Potion            |       |       |     4 ||     4
Armor: Scale mail        |     7 |       |       ||     7
       Plate armour      |    41 |    85 |     4 ||   130
Dodge: Dodged            |    32 |    32 |     3 ||    67
Block: Buckler           |    18 |    28 |     5 ||    51
